 Dungeon Crawl Stone Soup version 0.31-a0-7-g51783674b7 (webtiles) character file.

Game seed: 9888609878480850922

967 sircluck the Ruffian (level 7, -1/68 HPs)
             Began as a Troll Fighter on May 5, 2023.
             Slain by a shadow imp (2 damage)
             ... on level 6 of the Dungeon.
             The game lasted 00:06:31 (4292 turns).

sircluck the Ruffian (Troll Fighter)                Turns: 4292, Time: 00:06:31

Health: -1/68      AC:  4    Str: 27    XL:     7   Next: 93%
Magic:  6/6        EV:  9    Int:  4    God:
Gold:   202        SH:  8    Dex:  9    Spells: 6/6 levels left

rFire   . .          .
                       - Unarmed
rCold   . . .        b - +0 kite shield
rNeg    . . .        a - +0 robe
rPois   .            (helmet restricted)
rElec   .            (no cloak)
rCorr   .            (gloves unavailable)
SInv    +            (boots unavailable)
Will    .....        (no amulet)
Stlth   +            e - ring of see invisible
HPRegen 1.11/turn    (no ring)
MPRegen 0.10/turn

%: no passive effects
@: lethally poisoned (-1 -> -1), attractive
A: large, unfitting armour, claws 3, regeneration 1, shaggy fur 1, tough skin 1
a: no special abilities


You were on level 6 of the Dungeon.
You visited 1 branch of the dungeon, and saw 6 of its levels.

You collected 202 gold pieces.

Inventory:

Missiles
 h - 57 stones (quivered)
Armour
 a - a +0 robe (worn)
 b - a +0 kite shield (worn)
Jewellery
 e - a ring of see invisible (left claw)
 i - a +6 ring of strength
 u - a +4 ring of protection
Wands
 r - a wand of flame (20)
Scrolls
 d - 2 scrolls of amnesia {unknown}
 g - 2 scrolls of magic mapping {unknown}
 m - a scroll of summoning {unknown}
 n - a scroll of identify {unknown}
 o - a scroll of fear {unknown}
 s - a scroll of enchant weapon {unknown}
Potions
 c - 2 potions of might
 f - a potion of degeneration
 j - a potion of attraction
 k - a potion of haste {unknown}
 l - a potion of lignification
 p - a potion of mutation {unknown}
 q - a potion of flight {unknown}
 t - a potion of cancellation
 v - 2 potions of heal wounds {unknown}
 w - a potion of brilliance {unknown}
 x - 2 potions of magic


   Skills:
 + Level 3.7 Fighting
 + Level 4.1 Dodging
 + Level 1.0 Stealth
 + Level 4.5 Shields
 + Level 6.0 Unarmed Combat


You had 6 spell levels left.
You didn't know any spells.
Your spell library was empty.

Dungeon Overview and Level Annotations

Branches:
Dungeon (6/15)             Temple (0/1) D:5

Altars:
Xom


Innate Abilities, Weirdness & Mutations

You are too large for most types of armour.
You have claws for hands.
Your natural rate of healing is unusually fast.
You are covered in fur. (AC +1)
You have tough skin. (AC +1)


Message History

The kobold brigand barely misses you.
The kobold brigand attacks as you move away!
The kobold brigand closely misses you.
A shadow imp comes into view.
You completely miss the kobold brigand.
The kobold brigand is moderately wounded.
You scratch the kobold brigand.
The kobold brigand is moderately wounded.
You block the kobold brigand's attack.
The kobold brigand hits you but does no damage.
Unknown command.
You barely miss the kobold brigand.
The kobold brigand is moderately wounded.
The kobold brigand hits you with a +0 short sword.
* * * LOW HITPOINT WARNING * * *
You block the kobold brigand's attack.
The shadow imp hits you but does no damage.
Unknown command.
The kobold brigand attacks as you move away!
The kobold brigand hits you with a +0 short sword.
* * * LOW HITPOINT WARNING * * *
The kobold brigand throws a poisoned dart.
The poisoned dart hits you.
You are poisoned.
The shadow imp lashes its tail.
You block the shadow imp's attack.
You closely miss the kobold brigand.
You feel sick. You block the kobold brigand's attack.
The shadow imp barely misses you. The shadow imp hits you.
* * * LOW HITPOINT WARNING * * *
Unknown command.
It was a potion of attraction.
You feel attractive to monsters.
You feel sick.
A kobold brigand opens the door.
You block the shadow imp's attack. The shadow imp barely misses you.
The ice beast is attracted toward you.
An ice beast comes into view.
It was a potion of magic.
Magic courses through your body.
You feel sick. The shadow imp hits you.
You die...

...##....#
........# .
.......# ...
......# ...ยง
.....# #
.....##....###.#
....... ######


You could see an ice beast (asleep), 2 kobold brigands and 2 shadow imps.

Vanquished Creatures
  A water moccasin (D:5)
  Duvessa (D:4)
  2 centaurs (D:5)
  A scorpion (D:5)
  Dowan (D:4)
  A hound (D:4)
  An orc priest (D:5)
  7 iguanas
  An orc wizard (D:5)
  Robin (D:2)
  7 gnolls
  5 adders
  2 worms (D:4)
  2 dart slugs
  11 orcs
  6 ball pythons
  4 endoplasms
  2 giant cockroaches (D:4)
  21 goblins
  7 hobgoblins
  2 quokkas
  2 bats
  3 frilled lizards (D:1)
  8 kobolds
  3 rats (D:2)
102 creatures vanquished.

Vanquished Creatures (others)
  A hound (D:4)
  2 plants (D:3)
  12 toadstools (D:5)
15 creatures vanquished.

Grand Total: 117 creatures vanquished

Notes
Turn   | Place    | Note
-------+----------+-------------------------------------------
     0 | D:1      | sircluck the Troll Fighter began the quest for the Orb.
     0 | D:1      | Reached XP level 1. HP: 22/22 MP: 0/0
     3 | D:1      | Noticed an electric eel
     4 | D:1      | Noticed an electric eel
   168 | D:1      | Reached XP level 2. HP: 29/29 MP: 1/1
   810 | D:2      | Reached XP level 3. HP: 36/36 MP: 2/2
   869 | D:2      | Noticed Robin
   891 | D:2      | Killed Robin
  1041 | D:2      | Reached XP level 4. HP: 44/44 MP: 3/3
  1054 | D:2      | Reached skill level 3 in Unarmed Combat
  1792 | D:3      | Found a faded altar of an unknown god.
  2560 | D:4      | Found a shimmering altar of Xom.
  2621 | D:4      | Noticed Dowan
  2623 | D:4      | Noticed Duvessa
  2636 | D:4      | Killed Duvessa
  2637 | D:4      | Reached XP level 5. HP: 14/53 MP: 4/4
  2643 | D:4      | Killed Dowan
  2644 | D:4      | Reached skill level 4 in Unarmed Combat
  2644 | D:4      | Reached XP level 6. HP: 14/61 MP: 5/5
  3383 | D:5      | Entered Level 5 of the Dungeon
  3461 | D:5      | HP: 3/61 [gnoll/+0 flail (5)]
  3463 | D:4      | HP: 1/61 [gnoll/+0 flail (1)]
  3789 | D:5      | Reached skill level 1 in Stealth
  3814 | D:5      | Reached skill level 5 in Unarmed Combat
  3814 | D:5      | Reached XP level 7. HP: 53/67 MP: 6/6
  4134 | D:5      | Reached skill level 6 in Unarmed Combat
  4184 | D:5      | Found a staircase to the Ecumenical Temple.
  4290 | D:6      | HP: 1/68 [shadow imp (4)]
  4292 | D:6      | Slain by a shadow imp

Illustrated notes

Levels and vault maps discovered:
D:1:      arrival_aquarium_b, layout_basic
D:2:      layout_basic, uniq_robin
D:3:      layout_rooms, ebering_ecumenical_altar_mist, chequers_big_river
D:4:      layout_loops_ring, xom_confusion_cloud,
          hangedman_abyss_or_decor_stagger, uniq_duvessa
D:5:      cheibrodos_fertilizer, layout_cave_pools, minmay_temple_entry_poolview
D:6:      kennysheep_kobold_camp, layout_basic, gammafunk_temple_overflow_wave,
          serial_shops, nicolae_shop_back_alley_shop, shop,
          nicolae_shop_just_a_little_nook, kennysheep_generic_room_16,
          uniq_edmund

Skill      XL: |  1  2  3  4  5  6  7 |
---------------+----------------------+-----
Shields        | 3 4 |  4.5
Dodging        | 3 4 |  4.1
Unarmed Combat | 3 4 5 6 |  6.0
Fighting       | 3 |  3.7
Stealth        | 1 |  1.0

Action                     |  1- 3 |  4- 6 |  7- 9 || total
---------------------------+-------+-------+-------++-------
  Melee: Unarmed           |    96 |   139 |    62 ||   297
    Use: Potion            |       |     6 |     2 ||     8
 Armour: Robe              |    22 |    23 |    21 ||    66
         Skin              |       |    16 |       ||    16
  Dodge: Dodged            |    33 |    50 |    48 ||   131
  Block: Kite shield       |    31 |    56 |    44 ||   131

Table legend: (Time is in decaauts)
 A = Elapsed time spent in this place.
 B = Non-inter-level travel time spent in this place.
 C = Inter-level travel time spent in this place.
 D = Time resting spent in this place.
 E = Time spent auto-exploring this place.
 F = Levels seen in this place.
 G = Mean time per level.
                   A        B        C        D        E       F      G
               +--------+--------+--------+--------+--------+-----+--------+
         Total |   4313 |   3706 |    607 |    284 |   2537 |   6 |  718.8 |
       Dungeon |   4313 |   3706 |    607 |    284 |   2537 |   6 |  718.8 |
               +--------+--------+--------+--------+--------+-----+--------+

Top non-repeatable levels by time:
     D:4: 1105 daAuts
     D:2: 921 daAuts
     D:1: 864 daAuts
     D:3: 841 daAuts
     D:5: 570 daAuts
     D:6: 10 daAuts
